 Dungeon Crawl Stone Soup version 0.24-a0-226-gca05e9d (console) character file.

Game seed: 15137224481625579230

121 bli the Insei (level 4, -2/35 HPs)
             Began as a Demigod Transmuter on Mar 31, 2019.
             Slain by a hobgoblin
             ... wielding a +0 club
             ... led by Robin
              (9 damage)
             ... on level 3 of the Dungeon.
             The game lasted 00:12:25 (3338 turns).

bli the Insei (Demigod Transmuter)                  Turns: 3338, Time: 00:12:26

Health: -2/35      AC:  2    Str: 13    XL:     4   Next: 49%
Magic:  9/9        EV: 13    Int: 17    God:
Gold:   141        SH:  0    Dex: 18    Spells: 3/7 levels left

rFire    + . .     SeeInvis .     - Unarmed
rCold    . . .     Gourm    .   (no shield)
rNeg     . . .     Faith    .   b - +0 robe
rPois    .         Spirit   .   (no helmet)
rElec    .         Reflect  .   (no cloak)
rCorr    .         Harm     .   (no gloves)
MR       .....                  (no boots)
Stlth    ++........             (no amulet)
HPRegen  0.11/turn              j - ring of protection from fire
MPRegen  0.11/turn              (no ring)

@: no status effects
A: high mp 1
a: no special abilities


You were on level 3 of the Dungeon.
You were not hungry.

You visited 1 branch of the dungeon, and saw 3 of its levels.

You collected 141 gold pieces.

Inventory:

Hand Weapons
 g - a +4 short sword
 k - a +0 vampiric dagger
 n - a +0 blowgun
Missiles
 a - 42 arrows
 f - 191 stones (quivered)
 o - 17 poisoned needles
 q - 2 tomahawks
Armour
 b - a +0 robe (worn)
 c - a +0 leather armour
Jewellery
 j - a ring of protection from fire (left hand)
Scrolls
 e - 5 scrolls of identify {unknown}
 h - a scroll of enchant weapon {unknown}
 i - a scroll of amnesia {unknown}
 m - 3 scrolls of teleportation {unknown}
Potions
 l - 2 potions of brilliance
 p - a potion of lignification
Comestibles
 d - 7 rations
 r - 8 chunks of flesh


   Skills:
 + Level 1.1 Fighting
 + Level 2.3 Dodging
 + Level 0.2 Stealth
 * Level 4.2 Unarmed Combat
 + Level 2.0 Spellcasting
 + Level 2.0 Transmutations
 * Level 0.7 Poison Magic


You had 3 spell levels left.
You knew the following spells:

 Your Spells              Type           Power        Failure   Level  Hunger
a - Beastly Appendage     Tmut           #.....       9%          1    #......
S - Spider Form           Tmut/Pois      #.........   32%         3    ###....

Your spell library contained the following spells:

 Spells                   Type           Power        Failure   Level  Hunger
 Sticks to Snakes         Tmut           #.......     12%         2    ###....
 Magic Dart               Conj           #...         19%         1    #......
 Blink                    Tloc           N/A          28%         2    ###....
 Call Imp                 Summ           #.......     28%         2    ###....
 Slow                     Hex            #.......     28%         2    ###....
 Mephitic Cloud           Conj/Pois/Air  #.......     45%         3    ###....
 Conjure Flame            Conj/Fire      #.......     50%         3    ###....
 Ice Form                 Ice/Tmut       #.......     77%         4    #####..
 Blade Hands              Tmut           #.........   92%         5    ######.


Dungeon Overview and Level Annotations

Branches:
Dungeon (3/15)

Annotations:
D:3 Robin


Innate Abilities, Weirdness & Mutations

You have an increased reservoir of magic. (+10% MP)


Message History

The hobgoblin shouts!
You punch the goblin!
You kill the goblin!
Robin hits you from afar with a +0 spear.
The goblin barely misses you. Robin hits you with a +0 spear.
There is a large open door here.
You see here a +0 dagger.
You hit Robin but do no damage. The goblin hits you with a +0 club.
Robin throws the goblin at you! Robin throws the goblin at you!
Robin throws the goblin at you!
You closely miss the goblin. The goblin barely misses you.
The goblin closely misses you.
You closely miss the goblin. The goblin hits you.
* * * LOW HITPOINT WARNING * * *
The goblin hits you.
* * * LOW HITPOINT WARNING * * *
The goblin misses you.
Robin roars a battlecry!
The goblins go into a battle-frenzy!
The hobgoblin hits you with a +0 club!
You die...

#####≈≈≈≈...≈≈≈≈##
##≈≈≈≈≈≈##'''##≈≈≈#
#≈≈≈≈≈≈≈#.....#≈≈≈#
≈≈≈.....#..÷÷.#...#
≈≈......#.....#.).#
≈≈..##'##.....##'##
≈≈..#...#.....#...#
≈≈..#...#...).#...#
≈≈..#...#.)...#).)#
≈≈..##'##.....##g##
≈≈...#.........g@÷#
≈≈...#.........gg.#
≈≈...##########...#
≈≈#### .......#...#
≈≈ ..(.g..g...# ≈≈
.......'...#
############


You could see Robin, a hobgoblin and 3 goblins.

Vanquished Creatures
  3 adders
  3 dart slugs
  A leopard gecko (D:2)
  An orc (D:3)
  4 giant cockroaches
  18 goblins
  9 hobgoblins
  7 jackals (D:3)
  14 kobolds
  12 bats
  2 frilled lizards
  5 rats
79 creatures vanquished.

Notes
Turn   | Place    | Note
-------+----------+-------------------------------------------
     0 | D:1      | bli the Demigod Transmuter began the quest for the Orb.
     0 | D:1      | Reached XP level 1. HP: 15/15 MP: 5/5
    68 | D:1      | Reached skill level 3 in Unarmed Combat
   179 | D:1      | Reached XP level 2. HP: 18/22 MP: 7/7
  1030 | D:2      | Reached XP level 3. HP: 25/27 MP: 8/8
  1049 | D:2      | Reached skill level 1 in Fighting
  1497 | D:2      | Learned a level 3 spell: Spider Form
  1556 | D:2      | Found a glowing silver altar of Zin.
  1560 | D:2      | Reached skill level 4 in Unarmed Combat
  2084 | D:3      | Reached XP level 4. HP: 35/35 MP: 9/9
  3329 | D:3      | Noticed Robin
  3338 | D:3      | Slain by a hobgoblin

Levels and vault maps discovered:
D:1:      wander_arrival_desolate, layout_rooms
D:2:      layout_basic, lemuel_crystal_altar, first_ration
D:3:      kennysheep_goblin_castle, layout_loops_ring, glass_columns_c,
          uniq_robin

Skill      XL: |  1  2  3 |
---------------+----------+-----
Unarmed Combat | 3 4 |  4.2
Dodging        | 2 |  2.3
Fighting       | 1 |  1.1
Spellcasting   | 2 |  2.0
Transmutations | 2 |  2.0
Stealth        | |  0.2
Poison Magic   | |  0.7

Action                   |  1- 3 |  4- 6 || total
-------------------------+-------+-------++-------
Melee: Unarmed           |   169 |    80 ||   249
       Kick              |     7 |     2 ||     9
       Headbutt          |     4 |     6 ||    10
       Punch             |     1 |     4 ||     5
Throw: Stone             |       |     6 ||     6
 Cast: Beastly Appendage |    18 |     8 ||    26
  Use: Potion            |     4 |     2 ||     6
 Stab: Sleeping          |     4 |     1 ||     5
  Eat: Chunk             |     4 |     4 ||     8
Armor: Robe              |    37 |    15 ||    52
Dodge: Dodged            |   121 |    55 ||   176

Table legend:
 A = Non-vault XP
 B = Vault XP
 C = Vault XP percentage of total XP
 D = Non-vault monster count
 E = Vault monster count
 F = Vault count percentage of total count
                 A         B        C        D         E       F
            +---------+---------+-------+---------+---------+-------
      Total |     145 |      29 |  16.7 |      63 |      16 |  20.3
            +---------+---------+-------+---------+---------+-------
        D:1 |      36 |       0 |   0.0 |      24 |       0 |   0.0
        D:2 |      56 |       0 |   0.0 |      17 |       0 |   0.0
        D:3 |      53 |      29 |  35.4 |      22 |      16 |  42.1
            +---------+---------+-------+---------+---------+-------
